 Dungeon Crawl Stone Soup version 0.17-a0-1646-geb1493d (webtiles) character file.

182 mrath the Chopper (level 5, 0/45 HPs)
             Began as a Minotaur Fighter on Aug 11, 2015.
             Killed from afar by an orc wizard (3 damage)
             ... with a puff of flame
             ... on level 3 of the Dungeon.
             The game lasted 00:12:20 (2429 turns).

mrath the Chopper (Minotaur Fighter)                Turns: 2429, Time: 00:12:20

Health: 0/45       AC:  8    Str: 21    XL:     5   Next: 34%
Magic:  4/4        EV:  7    Int:  5    God:
Gold:   61         SH:  9    Dex: 10    Spells: 0 memorised, 4 levels left

rFire  . . .     SeeInvis .     a - +0 war axe
rCold  . . .     Clarity  .     b - +0 scale mail
rNeg   . . .     SustAt   .     c - +0 shield
rPois  .         Gourm    .     (helmet restricted)
rElec  .         Spirit   .     (no cloak)
rCorr  .         Warding  .     t - +0 pair of gloves
rMut   .         Stasis   .     (no boots)
MR     .....                    (no amulet)
Stlth  ..........               (no ring)
                                (no ring)

@: not resistant to hostile enchantments, extremely unstealthy
A: retaliatory headbutt, horns 2
a: no special abilities


You were on level 3 of the Dungeon.
You were not hungry.

You visited 1 branch of the dungeon, and saw 3 of its levels.

You collected 61 gold pieces.

Inventory:

Hand weapons
 a - a +0 war axe (weapon)
 n - a cursed -1 hunting sling
Missiles
 j - 5 javelins (quivered)
Armour
 b - a +0 scale mail (worn)
 c - a +0 shield (worn)
 t - a +0 pair of gloves (worn)
Scrolls
 h - a scroll of recharging {unknown}
 i - a scroll of amnesia {unknown}
 l - a scroll of enchant armour {unknown}
 m - 3 scrolls of identify {unknown}
 o - 2 scrolls of remove curse {unknown}
 s - a scroll of random uselessness {unknown}
 v - a scroll of fog {unknown}
Potions
 d - 2 potions of might
 f - a potion of resistance {unknown}
 g - a potion of lignification {unknown}
 k - 2 potions of flight {unknown}
 p - a potion of haste {unknown}
 u - a potion of agility {unknown}
 x - a potion of brilliance {unknown}
Comestibles
 e - a bread ration
 r - 7 fruits


   Skills:
 - Level 3.6 Fighting
 + Level 6.8 Axes
 - Level 3.6 Armour
 - Level 3.6 Shields


You had 4 spell levels left.
You didn't know any spells.

Dungeon Overview and Level Annotations

Branches:
Dungeon (3/15)

Altars:


Innate Abilities, Weirdness & Mutations

You reflexively headbutt those who attack you in melee.
You have a pair of horns on your head.


Message History

The orc priest is heavily wounded.
You block the orc priest's attack.
You slash the orc priest! Your headbutt misses the orc priest.
The orc priest is almost dead.
The orc priest mumbles some strange prayers to Beogh against you.
Something smites you!
The orc priest hits you but does no damage.
You hit the orc priest.
You kill the orc priest!
Your life force feels restored.
You block the orc wizard's attack.
You barely miss the orc wizard.
The orc wizard hits you but does no damage.
The orc wizard casts a spell at you. The puff of flame hits you!
* * * LOW HITPOINT WARNING * * *
You closely miss the orc wizard.
The orc wizard points at you and mumbles some strange words.
The puff of flame hits you!
You die...

#. ............... ....
#.######....####.....
##.#.# ###.#.......#...
+..... .....
......###.#รท#.# #.....
..#.##.......#.....#
#.....
#....#.#..##.###.###
#.....
..####'##...#..##.# #.#
#.....
..?....<.......##)###.#
#####.
..............oo@...#.#
#.
......?[.......###..#.#
## ...............#
#....# ####
).(............#
#.###########...
............####
#.##....##..'...
......[.....#
#.##.##.##.##...
............#
#....##.##.##...
#############
#######....##...
##########


You could see an orc wizard and an orc.

Vanquished Creatures
  A giant frog (D:3)
  An orc priest (D:3)
  A worker ant zombie (D:3)
  3 adders
  3 worms
  2 orcs (D:3)
  6 giant cockroaches
  3 goblins
  5 hobgoblins
  6 jackals (D:2)
  3 kobolds
  2 quokkas (D:3)
  7 bats
  A giant gecko (D:1)
  A giant newt (D:3)
  4 rats
49 creatures vanquished.

Notes
Turn   | Place    | Note
--------------------------------------------------------------
     0 | D:1      | mrath the Minotaur Fighter began the quest for the Orb.
     0 | D:1      | Reached XP level 1. HP: 19/19 MP: 0/0
   254 | D:1      | Reached XP level 2. HP: 26/26 MP: 1/1
  1097 | D:2      | Reached skill level 4 in Axes
  1275 | D:2      | Reached XP level 3. HP: 31/31 MP: 2/2
  2002 | D:3      | Noticed a giant frog
  2007 | D:3      | Reached skill level 5 in Axes
  2009 | D:3      | Killed a giant frog
  2009 | D:3      | Reached skill level 6 in Axes
  2009 | D:3      | Reached XP level 4. HP: 31/39 MP: 3/3
  2418 | D:3      | Reached XP level 5. HP: 28/45 MP: 4/4
  2429 | D:3      | Killed from afar by an orc wizard

Vault maps used:
D:1:      lightli_arrival_farm
D:3:      nemelex_diamond_rough_becter

Action                   |  1- 3 |  4- 6 || total
-------------------------+-------+-------++-------
Melee: War axe           |    84 |    54 ||   138
  Eat: Chunk             |     4 |     1 ||     5
